 Dungeon Crawl Stone Soup version 0.19-a0-1487-g96ce7ed (webtiles) character file.

187 LORDOFBUTT the Shield-Bearer (level 5, 0/43 HPs)
             Began as a Formicid Fighter on Sept 8, 2016.
             Slain by a killer bee (2 damage)
             ... on level 4 of the Dungeon.
             The game lasted 00:03:31 (2617 turns).

LORDOFBUTT the Shield-Bearer (Formicid Fighter)     Turns: 2617, Time: 00:03:32

Health: 0/43       AC: 11    Str: 20    XL:     5   Next: 99%
Magic:  5/5        EV:  7    Int:  8    God:
Gold:   169        SH:  9    Dex: 11    Spells: 0 memorised, 4 levels left

rFire  . . .     SeeInvis +     i - +5 hand axe
rCold  + . .     Gourm    .     A - +1 chain mail {rC+}
rNeg   . . .     Faith    .     c - +0 shield
rPois  .         Spirit   .     (helmet unavailable)
rElec  .         Dismiss  .     (no cloak)
rCorr  .         Reflect  .     x - +0 pair of gloves
MR     .....     Harm     .     (no boots)
Stlth  ..........               (no amulet)
                                (no ring)
                                (no ring)

@: lethally poisoned (0 -> -26)
A: permanent stasis, dig shafts and tunnels, four strong arms, antennae 3
a: Dig, Shaft Self


You were on level 4 of the Dungeon.
You were not hungry.

You visited 1 branch of the dungeon, and saw 4 of its levels.

You collected 169 gold pieces.

Inventory:

Hand Weapons
 i - a +5 hand axe (weapon)
 l - a +1 mace of crushing
Armour
 c - a +0 shield (worn)
 x - a +0 pair of gloves (worn)
 A - a +1 chain mail of cold resistance (worn)
Wands
 m - a wand of disintegration (15/24)
Scrolls
 a - a scroll of enchant armour {unknown}
 b - a scroll of identify
 d - a scroll of random uselessness {unknown}
 f - a scroll of noise
 h - a scroll of enchant weapon
 k - 2 scrolls of remove curse {unknown}
 q - a scroll of amnesia {unknown}
 w - 2 scrolls of blinking {unknown}
Potions
 e - a potion of agility
 g - a potion of resistance
 n - a potion of flight
 r - a potion of degeneration {unknown}
 s - 2 potions of heal wounds
 u - a potion of ambrosia {unknown}
 v - a potion of brilliance {unknown}
 z - a potion of curing {unknown}
Comestibles
 o - 2 bread rations
 p - a meat ration
 t - 2 slices of pizza


   Skills:
 + Level 4.3 Fighting
 + Level 2.6 Axes
 + Level 4.1 Armour
 + Level 1.8 Dodging
 + Level 1.0 Stealth
 + Level 4.8 Shields


You had 4 spell levels left.
You didn't know any spells.

Dungeon Overview and Level Annotations

Branches:
Dungeon (4/15)
 Temple: D:4-7

Altars:
Cheibriados


Innate Abilities, Weirdness & Mutations

You are under a permanent stasis effect.
You can dig through walls and to a lower floor.
Your four strong arms can wield two-handed weapons with a shield.
You have a pair of large antennae on your head. (SInv)


Message History

You block the killer bee's attack. The killer bee stings you. x2
You are lethally poisoned!
The killer bee poisons you!
The killer bee stings you but does no damage.
The killer bee stings you.
The killer bee stings you but does no damage.
As you read the scroll labeled UXIYJEIHUO, it crumbles to dust.
The creatures around you are filled with an inner flame!
It was a scroll of immolation.
You feel sick. You block the killer bee's attack.
The killer bee stings you but does no damage.
The killer bee barely misses you. You block the killer bee's attack.
The killer bee stings you.
* * * LOW HITPOINT WARNING * * *
You are more poisoned.
The killer bee poisons you! The killer bee stings you.
* * * LOW HITPOINT WARNING * * *
The killer bee stings you but does no damage.
The killer bee stings you.
You die...

#........#.##
#.....##....#### #####
#.....##.......####...#
#.....##.#.....##.#.###
+.....##.............#####
#.....##.#......#.#......#
####)###...<....#.#.##.###
###.###.#..yy...†#.#....#
..##...#......y@..#.#....###
...........>#..yyy.#.#.##.#
#................#.#.#....#
#..##.###..........#.#.##.#
#.{ #. ##................# #
{#. #........######### #.
##.#......# #.#..#.###
#.#.##.#


You could see 6 killer bees.

Vanquished Creatures
  A giant frog skeleton (D:3)
  An orc wizard (D:4)
  3 adders (D:2)
  2 oozes
  3 worms (D:3)
  11 orcs
  2 ball pythons (D:1)
  14 bats
  A giant cockroach (D:3)
  5 hobgoblins
  2 jackals (D:1)
  4 kobolds
  2 quokkas
  3 giant newts
  4 goblins
  23 rats
81 creatures vanquished.

Notes
Turn   | Place    | Note
-------+----------+-------------------------------------------
     0 | D:1      | LORDOFBUTT the Formicid Fighter began the quest for the Orb.
     0 | D:1      | Reached XP level 1. HP: 18/18 MP: 1/1
   120 | D:1      | Reached XP level 2. HP: 15/24 MP: 2/2
   554 | D:1      | Reached XP level 3. HP: 30/30 MP: 3/3
  1214 | D:2      | Reached skill level 1 in Dodging
  1221 | D:2      | Reached XP level 4. HP: 33/37 MP: 4/4
  1737 | D:3      | Reached XP level 5. HP: 31/42 MP: 5/5
  1824 | D:3      | Reached skill level 1 in Stealth
  2297 | D:3      | Found a snail-covered altar of Cheibriados.
  2617 | D:4      | HP: 2/43 [killer bee (5)]
  2617 | D:4      | Slain by a killer bee

Vault maps used:
D:1:      dpeg_arrival_rooms_c, grunt_decor_arrowhead
D:2:      minmay_fountain_box, minmay_rat_hole
D:3:      overflow_temple_1_default
D:4:      kennysheep_big_flooded_room, led_xom_imps, minmay_ruined_shrine

Skill      XL: |  1  2  3  4  5 |
---------------+----------------+-----
Shields        | 4 |  4.8
Dodging        | 1 |  1.8
Fighting       | 4 |  4.3
Stealth        | 1 |  1.0
Armour         | 4 |  4.1
Axes           | |  2.6

Action                   |  1- 3 |  4- 6 || total
-------------------------+-------+-------++-------
Melee: War axe           |    42 |       ||    42
       Hand axe          |    44 |   138 ||   182
  Use: Scroll            |       |     7 ||     7
       Potion            |       |     1 ||     1
  Eat: Bread ration      |     1 |       ||     1
       Meat ration       |       |     1 ||     1
Armor: Scale mail        |    36 |    22 ||    58
       Chain mail        |       |    36 ||    36
Dodge: Dodged            |    40 |    44 ||    84
Block: Shield            |    44 |    75 ||   119
